 Dungeon Crawl Stone Soup version 0.31.0-11-ge490571c62 (webtiles) character file.

Game seed: 4170312082438808856

63 qw the Shooter (level 3, 0/20 HPs)
             Began as a Deep Elf Hunter on Feb 4, 2024.
             Slain by a ribbon worm (6 damage)
             ... on level 2 of the Dungeon.
             The game lasted 00:00:04 (1465 turns).

qw the Shooter (Deep Elf Hunter)                    Turns: 1465, Time: 00:00:05

Health: 0/20       AC:  3    Str: 10    XL:     3   Next: 89%
Magic:  5/5        EV:  6    Int: 13    God:
Gold:   72         SH:  0    Dex: 18    Spells: 2/2 levels left

rFire   . . .        a - +0 shortbow
rCold   . . .        (shield currently unavailable)
rNeg    . . .        c - +0 leather armour
rPois   .            (no helmet)
rElec   .            (no cloak)
rCorr   .            (no gloves)
SInv    .            (no boots)
Will    .....        (no amulet)
Stlth   ++           (no ring)
HPRegen 0.23/turn    (no ring)
MPRegen 0.09/turn

%: no passive effects
@: held
A: no striking features
a: no special abilities


You were on level 2 of the Dungeon.
You visited 1 branch of the dungeon, and saw 2 of its levels.

You collected 72 gold pieces.


   Skills:
 - Level 1.5 Fighting
 + Level 7.3 Ranged Weapons
 - Level 2.4 Dodging
 - Level 1.2 Stealth


You had 2 spell levels left.
You didn't know any spells.
Your spell library was empty.

Inventory:

Hand Weapons
 a - a +0 shortbow (weapon)
Armour
 c - a +0 leather armour (worn)
 f - a +0 helmet
Jewellery
 e - a ring of flight
Scrolls
 b - a scroll of blinking {unknown}
 g - a scroll of silence {unknown}
 h - a scroll of brand weapon {unknown}
 j - a scroll of fog {unknown}
Potions
 d - a potion of enlightenment
 i - a potion of curing {unknown}
 l - a potion of degeneration {unknown}

Dungeon Overview and Level Annotations

Branches:
Dungeon (2/15)

Altars:


Message History

Found a stone staircase leading down.
A ribbon worm comes into view.
You shoot an arrow. The arrow hits the ribbon worm.
The ribbon worm is moderately wounded.
You shoot an arrow.
The arrow barely misses the ribbon worm.
You shoot an arrow. The arrow hits the ribbon worm.
The ribbon worm is heavily wounded.
The ribbon worm expels a string of sticky webbing.
The stream of webbing hits you but does no damage.
You are caught in a web!
You struggle to detach yourself from the web.
The web tears apart.
You shoot an arrow. The arrow hits the ribbon worm!
The ribbon worm is almost dead.
The ribbon worm expels a string of sticky webbing.
The stream of webbing hits you but does no damage.
You are caught in a web!
The web tears apart.
You shoot an arrow. The arrow hits the ribbon worm.
The ribbon worm is almost dead.
You shoot an arrow.
The arrow barely misses the ribbon worm.
You shoot an arrow. The arrow hits the ribbon worm.
The ribbon worm is almost dead.
The ribbon worm misses you.
You shoot an arrow. The arrow hits the ribbon worm.
The ribbon worm is almost dead.
The ribbon worm expels a string of sticky webbing.
The stream of webbing hits you but does no damage.
You are caught in a web!
The ribbon worm bites you. The ribbon worm bites you!
The ribbon worm barely misses you.
The ribbon worm expels a string of sticky webbing.
The stream of webbing misses you. The ribbon worm bites you.
The ribbon worm bites you. The ribbon worm bites you.
You die...

# #.#
.........#
# #.#
.........#
####.#
.........#
......
>........#
.....
.........#
.####
.........#
.#
.........#
.#
..######.#
########
#@#
........
#w#
.######.
#.# ..#
#.# #.####
#.# .....#
#.# .....#
#.# .....#
#.# .....#


You could see a ribbon worm.

Vanquished Creatures
  3 dart slugs (D:1)
  A ribbon worm (D:2)
  4 ball pythons
  8 endoplasms
  4 giant cockroaches
  3 goblins (D:1)
  4 hobgoblins
  5 jackals (D:1)
  3 kobolds
  2 quokkas
  4 bats
  4 frilled lizards
  2 rats (D:1)
47 creatures vanquished.

Notes
Turn   | Place    | Note
-------+----------+-------------------------------------------
     0 | D:1      | qw the Deep Elf Hunter began the quest for the Orb.
     0 | D:1      | Reached XP level 1. HP: 12/12 MP: 3/3
     0 | D:1      | 0 ||| qw: Version: 0.3-a-160-g6735b56
     0 | D:1      | 0 ||| qw: Game counter: 5315
     0 | D:1      | 0 ||| qw: Melee chars always use a shield: true
     0 | D:1      | 0 ||| qw: God list: Okawaru
     0 | D:1      | 0 ||| qw: Allow faded altars: false
     0 | D:1      | 0 ||| qw: Do Orc after clearing Dungeon:15 true
     0 | D:1      | 0 ||| qw: Do second Lair branch before Depths: true
     0 | D:1      | 0 ||| qw: Lair rune preference: random
     0 | D:1      | 0 ||| qw: Goals: Normal
     0 | D:1      | 0 ||| PLANNING D:1-11
    54 | D:1      | Reached XP level 2. HP: 12/16 MP: 4/4
    77 | D:1      | Reached skill level 6 in Ranged Weapons
   223 | D:1      | Reached XP level 3. HP: 20/20 MP: 5/5
   578 | D:1      | Reached skill level 7 in Ranged Weapons
   736 | D:1      | 736 ||| READING 2 scrolls labelled JUVEUT UMIPNOX.
   736 | D:1      | 736 ||| IDENTIFYING red potion
   737 | D:1      | 737 ||| READING scroll of identify.
   737 | D:1      | 737 ||| IDENTIFYING brown potion
   738 | D:1      | 738 ||| READING scroll labelled MISIMI TOSO.
   739 | D:1      | 739 ||| READING scroll labelled LUETTE ZAIGAPI.
   743 | D:1      | 743 ||| READING scroll labelled ZOXIHIK RIESAF.
   844 | D:1      | 844 ||| READING scroll labelled SURIGU WAFFI.
   845 | D:1      | 845 ||| DROPPING scroll of butterflies.
   846 | D:1      | 846 ||| DROPPING potion of attraction.
  1465 | D:2      | Slain by a ribbon worm

Levels and vault maps discovered:
D:1:      psy_arrival_fountain, layout_loops_ring,
          chequers_serial_rivers_room_b, minmay_tetromino_t2
D:2:      layout_basic

Skill      XL: |  1  2  3 |
---------------+----------+-----
Ranged Weapons | 6 7 |  7.3
Fighting       | |  1.5
Dodging        | |  2.4
Stealth        | |  1.2

Action                     || total
---------------------------++-------
   Fire: Shortbow          ||   114
    Use: Scroll            ||     6
 Armour: Leather armour    ||    36
  Dodge: Dodged            ||    34

Table legend:
 A = Non-vault XP
 B = Vault XP
 C = Vault XP percentage of total XP
 D = Non-vault monster count
 E = Vault monster count
 F = Vault count percentage of total count
                 A         B        C        D         E       F
            +---------+---------+-------+---------+---------+-------
      Total |      89 |       2 |   2.2 |      46 |       1 |   2.1
            +---------+---------+-------+---------+---------+-------
        D:1 |      65 |       2 |   3.0 |      34 |       1 |   2.9
        D:2 |      24 |       0 |   0.0 |      12 |       0 |   0.0
            +---------+---------+-------+---------+---------+-------
